 Dungeon Crawl Stone Soup version 0.28-a0-245-g639a1a48b9 (webtiles) character file.

Game seed: 17982121793046838690

300316 frimble the Peltast (level 21, -1/169 HPs)
             Began as a Gnoll Wanderer on Aug 25, 2021.
             Was a High Priest of Cheibriados.
             Slain by a deep elf master archer (16 damage)
             ... on level 3 of the Elven Halls.
             The game lasted 01:07:24 (33512 turns).

frimble the Peltast (Gnoll Wanderer)               Turns: 33512, Time: 01:07:24

Health: -1/169     AC: 20    Str: 21    XL:     21   Next: 37%
Magic:  29/38      EV: 26    Int: 39    God:    Cheibriados [*****.]
Gold:   374        SH: 20    Dex: 32    Spells: 10/47 levels left

rFire   + . .      SeeInvis +   b - +2 scimitar (flame)
rCold   + . .      Faith    .   l - +2 kite shield "Pupnu" {+Blink rElec rF+}
rNeg    + . .      Spirit   .   A - +5 ring mail of Minor Irritation {Regen+ rCorr Int+3}
rPois   +          Reflect  .   O - +1 hat "Kuggut" {Str+2 Dex+5}
rElec   +          Harm     .   J - +2 cloak of the Thief {*Fog Slay-2 SInv Stlth+}
rCorr   +          Rampage  .   (no gloves)
Will    +....                   o - +1 pair of boots
Stlth   +++++++...              p - amulet of regeneration
HPRegen 2.38/turn               Q - ring of Linearity {rPois rC+ rN+ Int+4 SInv}
MPRegen 0.26/turn               W - +4 ring of slaying

@: studying Shields, very slow
A: fangs 1, strong nose, distributed training
}: 1/15 runes: decaying
a: Renounce Religion, Evoke Blink, Bend Time, Temporal Distortion, Slouch, Step
From Time


You were on level 3 of the Elven Halls.
You worshipped Cheibriados.
Cheibriados was extremely pleased with you.
You visited 6 branches of the dungeon, and saw 32 of its levels.
You also visited: Sewer, Ossuary, Bailey and Gauntlet.

You collected 5702 gold pieces.
You spent 5328 gold pieces at shops.

Inventory:

Hand Weapons
 a - a +4 dagger of electrocution
 b - a +2 scimitar of flaming (weapon)
 I - the +5 whip of Blood {holy, rElec rF+ Will+}
   (You found it in a sewer)

   It has been blessed by the Shining One to cause great damage to the undead
   and demons.
   rF:        It protects you from fire.
   rElec:     It insulates you from electricity.
   Will:      It increases your willpower.
Missiles
 D - 10 silver javelins
 N - 29 javelins (quivered)
 X - 3 throwing nets
Armour
 l - the +2 kite shield "Pupnu" (worn) {+Blink rElec rF+}
   (You took it off Donald on level 1 of the Swamp)

   rF:        It protects you from fire.
   rElec:     It insulates you from electricity.
   +Blink:    It lets you blink.
 o - a +1 pair of boots (worn)
 A - the +5 ring mail of Minor Irritation (worn) {Regen+ rCorr Int+3}
   (You found it on level 5 of the Dungeon)

   Int:       It affects your intelligence (+3).
   Regen:     It increases your rate of health regeneration.
   rCorr:     It protects you from acid and corrosion.
 J - the +2 cloak of the Thief (worn) {*Fog Slay-2 SInv Stlth+}
   (You found it on level 5 of the Dungeon)

   It may release a thick cloud of smoke when the wearer is hurt.
   Slay:      It affects your accuracy & damage with ranged weapons and melee
   (-2).
   SInv:      It lets you see invisible.
   Stlth:     It makes you more stealthy.
 O - the +1 hat "Kuggut" (worn) {Str+2 Dex+5}
   (You found it in a Gauntlet)

   Str:       It affects your strength (+2).
   Dex:       It affects your dexterity (+5).
Jewellery
 d - a ring of wizardry
 i - a ring of protection from cold
 p - an amulet of regeneration (around neck)
 B - an amulet of magic regeneration
 Q - the ring of Linearity (left hand) {rPois rC+ rN+ Int+4 SInv}
   (You acquired it on level 3 of the Dungeon)

   [ring of protection from cold]

   Int:       It affects your intelligence (+4).
   rC:        It protects you from cold.
   rPois:     It protects you from poison.
   rN:        It protects you from negative energy.
   SInv:      It lets you see invisible.
 S - a ring of willpower
 W - a +4 ring of slaying (right hand)
 Y - the ring "Mudghar" {rCorr Str+2 Int+6}
   (You found it on level 11 of the Dungeon)

   [ring of intelligence]

   Str:       It affects your strength (+2).
   Int:       It affects your intelligence (+6).
   rCorr:     It protects you from acid and corrosion.
 Z - the ring "Ugorusuo" {Fire rElec Str+3 SInv}
   (You found it on level 3 of the Swamp)

   [ring of fire]

   It enhances your fire magic.
   Str:       It affects your strength (+3).
   rF:        It protects you from fire.
   rC:        It makes you vulnerable to cold.
   rElec:     It insulates you from electricity.
   SInv:      It lets you see invisible.
Wands
 f - a wand of iceblast (71)
 h - a wand of flame (32)
 x - a wand of polymorph (11)
 C - a wand of mindburst (24)
 F - a wand of acid (34)
 M - a wand of paralysis (12)
 U - a wand of charming (2)
 V - a wand of digging (4)
Scrolls
 c - 4 scrolls of blinking
 j - 2 scrolls of fear
 k - 14 scrolls of teleportation
 q - 6 scrolls of magic mapping
 y - 12 scrolls of identify
 E - 4 scrolls of fog
 H - 7 scrolls of amnesia
 K - 10 scrolls of enchant armour
 L - 6 scrolls of enchant weapon
 P - 5 scrolls of holy word
 T - 4 scrolls of immolation
Potions
 e - 9 potions of flight
 g - 7 potions of might
 m - 19 potions of heal wounds
 n - 6 potions of brilliance
 r - 11 potions of curing
 s - 4 potions of lignification
 t - 6 potions of ambrosia
 u - 7 potions of resistance
 v - 5 potions of attraction
 w - 6 potions of haste
 z - 7 potions of mutation
 G - 4 potions of magic
 R - 2 potions of cancellation


   Skills:
 + Level 15.5 Fighting
 + Level 13.6 Short Blades
 + Level 14.2 Long Blades
 + Level 13.6 Axes
 + Level 13.6 Maces & Flails
 + Level 13.6 Polearms
 + Level 13.6 Staves
 + Level 13.6 Slings
 + Level 13.6 Bows
 + Level 13.9 Crossbows
 + Level 13.6 Throwing
 + Level 13.9 Armour
 + Level 13.6 Dodging
 + Level 13.6 Stealth
 + Level 17.9 Shields
 + Level 13.6 Unarmed Combat
 + Level 13.6 Spellcasting
 + Level 11.7 Conjurations
 + Level 11.7 Hexes
 + Level 11.7 Summonings
 + Level 11.7 Necromancy
 + Level 11.7 Translocations
 + Level 11.7 Transmutations
 + Level 11.7 Fire Magic
 + Level 11.7 Ice Magic
 + Level 11.7 Air Magic
 + Level 11.7 Earth Magic
 + Level 11.7 Poison Magic
 + Level 14.7 Invocations
 + Level 13.9 Evocations


You had 10 spell levels left.
You knew the following spells:

 Your Spells              Type           Power      Damage    Failure   Level
a - Blink                 Tloc           N/A        N/A       1%          2
b - Statue Form           Tmut/Erth      58%        N/A       2%          6
c - Irradiate             Conj/Tmut      43%        3d28      1%          5
d - Passwall              Tmut/Erth      72%        N/A       1%          2
e - Borgnjor's Vile Clut  Necr/Erth      43%        N/A       1%          5
f - Shatter               Erth           43%        3d34*     100%        9
g - Ignition              Fire           43%        3d13      67%         8

Your spell library contained the following spells:

 Spells                   Type           Power      Damage    Failure   Level
 Foxfire                  Conj/Fire      100%       2x1d9     0%          1
 Magic Dart               Conj           100%       1d8       0%          1
 Sandblast                Erth           100%       2d20      0%          1
 Shock                    Conj/Air       100%       1d9       0%          1
 Call Imp                 Summ           87%        N/A       1%          2
 Corpse Rot               Necr/Air       N/A        N/A       1%          2
 Searing Ray              Conj           100%       3d7       1%          2
 Slow                     Hex            87%        N/A       1%          2
 Static Discharge         Conj/Air       87%        N/A       1%          2
 Sublimation of Blood     Necr           43%        N/A       1%          2
 Call Canine Familiar     Summ           87%        N/A       1%          3
 Confusing Touch          Hex            87%        N/A       1%          3
 Dazzling Flash           Conj/Hex       100%       N/A       1%          3
 Frozen Ramparts          Ice            100%       1d12      1%          3
 Gell's Gravitas          Tloc           43%        N/A       1%          3
 Ignite Poison            Fire/Tmut/Pois 87%        N/A       1%          3
 Inner Flame              Hex/Fire       87%        N/A       1%          3
 Lesser Beckoning         Tloc           43%        N/A       1%          3
 Mephitic Cloud           Conj/Pois/Air  87%        N/A       1%          3
 Portal Projectile        Hex/Tloc       100%       N/A       1%          3
 Summon Guardian Golem    Hex/Summ       87%        N/A       1%          3
 Swiftness                Air            87%        N/A       1%          3
 Teleport Other           Tloc           87%        N/A       1%          3
 Tukima's Dance           Hex            87%        N/A       1%          3
 Vampiric Draining        Necr           43%        2d12      1%          3
 Airstrike                Air            43%        N/A       1%          4
 Animate Dead             Necr           43%        N/A       1%          4
 Dispel Undead            Necr           87%        3d28      1%          4
 Fulminant Prism          Conj/Hex       43%        3d20      1%          4
 Ice Form                 Ice/Tmut       87%        N/A       1%          4
 Iskenderun's Mystic Bla  Conj/Tloc      87%        2d17      1%          4
 Leda's Liquefaction      Hex/Erth       43%        N/A       1%          4
 Olgreb's Toxic Radiance  Pois           87%        N/A       1%          4
 Passage of Golubria      Tloc           N/A        N/A       1%          4
 Petrify                  Tmut/Erth      87%        N/A       1%          4
 Sticky Flame             Conj/Fire      87%        2d10      1%          4
 Summon Ice Beast         Ice/Summ       87%        N/A       1%          4
 Alistair's Intoxication  Tmut/Pois      58%        N/A       1%          5
 Blade Hands              Tmut           43%        N/A       1%          5
 Bolt of Magma            Conj/Fire/Erth 43%        4d18      1%          5
 Excruciating Wounds      Necr           43%        N/A       1%          5
 Fireball                 Conj/Fire      43%        3d17      1%          5
 Iskenderun's Battlesphe  Conj           87%        2d13      1%          5
 Lee's Rapid Deconstruct  Erth           43%        3d22*     1%          5
 Manifold Assault         Tloc           87%        N/A       1%          5
 Silence                  Hex/Air        43%        N/A       1%          5
 Yara's Violent Unravell  Hex/Tmut       43%        3d17      1%          5
 Death Channel            Necr           43%        N/A       2%          6
 Eringya's Noxious Bog    Tmut/Pois      43%        N/A       2%          6
 Iron Shot                Conj/Erth      43%        9d8       2%          6
 Starburst                Conj/Fire      43%        6d12      2%          6
 Haunt                    Necr/Summ      43%        N/A       12%         7
 Ozocubu's Refrigeration  Ice            43%        4d13      12%         7
 Spellforged Servitor     Conj/Summ      43%        N/A       12%         7
 Storm Form               Tmut/Air       43%        N/A       12%         7
 Infestation              Necr           43%        N/A       67%         8
 Polar Vortex             Ice            43%        N/A       100%        9


Dungeon Overview and Level Annotations

Branches:
Dungeon (15/15)              Lair (6/6) D:8           Swamp (4/4) Lair:2
  Snake (2/4) Lair:2        Slime (0/5) Lair:6          Orc (2/2) D:11
    Elf (3/3) Orc:2        Vaults (0/5) D:14         Depths (0/5) D:15
  Sewer (visited)         Ossuary (visited)          Bailey (visited)
Gauntlet (visited)
 Temple: D:4-7

Altars:
Cheibriados
Fedhas
Gozag
Nemelex Xobeh
Sif Muna
Uskayaw
Wu Jian
Xom
Yredelemnul
Zin
The Shining One

Shops:
D:3 ?   D:5 *   Orc:1 :   Orc:2 !=![   Elf:1 **[*:   Elf:3 !   Snake:1 *==

Portals:
Pandemonium: Orc:2

Annotations:
D:2 Terence
Snake:2 Aizul, Azrael
Elf:1 6 runed translucent doors


Innate Abilities, Weirdness & Mutations

You have very sharp teeth.
Your uncanny sense of smell can sniff out nearby items.
Your experience applies equally to all skills.


Message History

You hit the deep elf master archer but do no damage.
The deep elf master archer is heavily wounded.
The zombie hands constrict the deep elf master archer!
The deep elf master archer shoots an arrow.
The arrow hits you!
* * * LOW HITPOINT WARNING * * *
The deep elf master archer shoots an arrow.
You block the arrow.
You slash the deep elf master archer! You burn the deep elf master archer.
The deep elf master archer is severely wounded.
The zombie hands constrict the deep elf master archer!
The zombie hands release their grip on the deep elf master archer.
The deep elf master archer shoots an arrow.
The arrow hits you!
* * * LOW HITPOINT WARNING * * *
You barely miss the deep elf master archer.
You bite the deep elf master archer, but do no damage.
The deep elf master archer is almost dead.
The deep elf master archer shoots an arrow.
The arrow hits you!!
* * * LOW HITPOINT WARNING * * *
With a swish of your cloak, you release a cloud of fog.
You hit the deep elf master archer. You burn the deep elf master archer.
You bite the deep elf master archer, but do no damage.
The deep elf master archer is almost dead.
The deep elf master archer shoots an arrow.
The arrow hits you!
* * * LOW HITPOINT WARNING * * *
The deep elf master archer shoots an arrow.
You block the arrow.
Casting: Borgnjor's Vile Clutch (mildly dangerous; 1% risk of failure)
Confirm with . or Enter, or press ? or * to list all spells.
Aiming: Borgnjor's Vile Clutch (mildly dangerous; 1% risk of failure)
Press: ? - help, Shift-Dir - straight line, f/p - deep elf master archer
Aim: a deep elf master archer, wielding a +0 longbow, wearing a +0 plate armour and quivering arrows (blue smoke, almost dead, 100% to hit)
Zombie hands grab the deep elf master archer.
The zombie hands constrict the deep elf master archer.
The deep elf master archer unwields a +0 longbow.
The deep elf master archer hits you!
You die...

###)### #.#..
#..)).## #.##.
#..)...# #.###
#..)).## #....
#..)..# #####
###)### # #)# #
##e## ##@§)##
#§§§§§# ##§§.##
###
##.#'#####.###
####'##.....###
##.........# #
#.........# #
#.....<...# #
#.........# #


You could see a deep elf master archer (clutched).

Vanquished Creatures
  A tentacled monstrosity (Swamp:3)
  4 deep elf blademasters
  A deep elf master archer (Elf:3)
  Gastronok (Lair:1)
  4 thorn hunters (Swamp:4)
  Agnes (Snake:1)
  Donald (Swamp:1)
  Louise (D:15)
  An orc warlord (Elf:3)
  A frost giant (Orc:1)
  2 deep elf sorcerers
  4 deep elf elementalists (Elf:3)
  3 ghouls (Swamp:2)
  3 hydra zombies (Swamp:4)
  A stone giant (D:15)
  2 vampire knights (Swamp:4)
  10 deep elf demonologists
  3 deep elf annihilators (Elf:3)
  4 bunyips
  A minotaur (Gauntlet)
  3 deep elf death magi (Elf:3)
  Snorg (Orc:1)
  5 eleionomae
  2 ettins (Orc:1)
  4 shambling mangroves
  2 great orbs of eyes (Elf:3)
  5 deep elf high priests
  Fannar (D:10)
  Harold (D:11)
  22 hydras
  3 naga warriors (Snake:1)
  A hydra (shapeshifter) (Elf:1)
  A rakshasa (D:14)
  2 ogre magi
  3 catoblepae (Lair:6)
  2 anacondas (Snake:1)
  5 boulder beetles
  2 death knights
  5 centaur warriors
  14 two-headed ogres
  12 alligators
  31 dancing weapons
  4 tengu warriors (D:15)
  3 shock serpents
  Urug (D:11)
  10 death yaks
  5 orc high priests
  10 naga sharpshooters
  26 deep elf knights
  8 spriggans
  A wretched star (Gauntlet)
  6 deep trolls (Elf:3)
  4 sea snakes (Snake:2)
  2 goliath frogs
  A torturous demonspawn (Orc:2)
  6 spriggan druids
  2 gelid demonspawn (Orc:2)
  6 bog bodies
  26 deep elf archers
  2 flayed ghosts (Swamp:4)
  6 swamp dragons
  2 necromancers (D:14)
  A wizard (D:11)
  3 spectral hydras
  A mana viper (Snake:2)
  35 deep elf pyromancers
  10 orc knights
  24 deep elf zephyrmancers
  5 oklob plants
  11 ugly things
  10 orc sorcerers
  3 manticores
  20 cyclopes
  5 will-o-the-wisps
  4 elephants (Lair:4)
  5 naga magi
  A guardian serpent (Snake:1)
  A smoke demon (Orc:2)
  An ice statue (Gauntlet)
  15 black mambas
  4 unseen horrors
  A gargoyle (D:13)
  Psyche (D:11)
  4 cane toads
  An unseen horror (shapeshifter) (D:14)
  4 komodo dragons
  An efreet (D:15)
  2 rime drakes (Gauntlet)
  2 freezing wraiths
  A komodo dragon (shapeshifter) (D:15)
  4 acid dragons
  A red devil (Orc:2)
  6 trolls
  3 meliai (D:15)
  2 hydra skeletons (Swamp:4)
  4 tyrant leeches
  A death drake zombie (Swamp:4)
  Prince Ribbit (Lair:1)
  2 death drake skeletons (Swamp:4)
  14 hornets
  8 slime creatures
  11 dream sheep (Lair:5)
  17 blink frogs
  4 air elementals
  3 centaur simulacra
  A shadow (D:11)
  2 wraiths
  2 ynoxinuls
  2 gnoll sergeants
  2 wyverns
  A vampire (D:11)
  4 fire elementals
  A hog (shapeshifter) (Elf:1)
  4 basilisks
  2 water elementals (Elf:1)
  81 yaks
  A human (shapeshifter) (D:11)
  2 steam dragons
  2 chaos spawn (Orc:2)
  A neqoxec (Gauntlet)
  23 vampire mosquitoes
  Menkaure (Ossuary)
  13 swamp worms
  6 wargs (Orc:1)
  20 nagas
  3 hydra simulacra (Swamp:4)
  An ice beast (D:7)
  12 water moccasins
  4 swamp drakes
  4 black bears
  44 orc warriors
  A swamp dragon zombie (Swamp:4)
  6 boggarts
  A necrophage (Swamp:2)
  The ghost of HuGe the Slasher, an amateur HuBe of Trog (D:3)
  10 ogres
  34 wolves
  18 centaurs
  2 kobold brigands
  7 bullfrogs
  An earth elemental (Elf:2)
  2 scorpions (D:5)
  2 small abominations (Gauntlet)
  13 killer bees
  6 wights
  8 electric eels
  6 howler monkeys
  5 centaur zombies
  A bullfrog zombie (D:5)
  A jelly (D:7)
  27 orc priests
  5 hounds
  5 iguanas
  3 centaur skeletons
  A gnoll shaman (D:7)
  2 iron imps (Gauntlet)
  Ijyb (D:5)
  26 orc wizards
  2 scorpion zombies (D:5)
  10 hell rats
  A killer bee zombie (D:4)
  3 mummies (Ossuary)
  A hound zombie (D:5)
  7 adders
  10 gnolls
  A howler monkey skeleton (D:7)
  2 river rats (D:8)
  3 shadow imps (D:5)
  A white imp (D:4)
  3 ufetubi
  An adder skeleton (D:4)
  2 worms
  95 orcs
  8 ball pythons
  5 endoplasms
  9 giant cockroaches
  5 gnoll zombies (Ossuary)
  6 goblins
  4 hobgoblins
  5 jackals
  10 quokkas
  11 bats
  A frilled lizard (D:1)
  5 gnoll skeletons (Ossuary)
  8 goblin skeletons (Ossuary)
  6 goblin zombies (Ossuary)
  4 hobgoblin skeletons (Ossuary)
  4 hobgoblin zombies (Ossuary)
  14 kobolds
  4 kobold skeletons (Ossuary)
  4 kobold zombies (Ossuary)
  2 orc skeletons (Ossuary)
  2 orc zombies (Ossuary)
  10 rats
  2 rat skeletons (Ossuary)
  4 rat zombies (Ossuary)
  A foxfire (Swamp:2)
1274 creatures vanquished.

Vanquished Creatures (collateral kills)
  Erica (D:9)
  Joseph (D:7)
  An efreet (D:10)
  A shadow (D:10)
  An orc warrior (D:10)
  A sky beast (D:5)
  A wight (D:5)
  A howler monkey (D:9)
  2 iguanas (D:5)
  A shadow imp (D:5)
  A white imp (D:5)
12 creatures vanquished.

Vanquished Creatures (others)
  A naga warrior (Snake:1)
  2 deep elf knights (Elf:2)
  A deep elf archer (Elf:1)
  2 orc knights (Elf:3)
  A manticore (D:10)
  A bloated husk (Swamp:3)
  A tyrant leech (Swamp:1)
  A yak (D:5)
  A vampire mosquito (D:13)
  A swamp worm (Swamp:1)
  An orc warrior (Orc:2)
  4 orcs
  A briar patch (Swamp:4)
  20 foxfires
  16 fungi
  63 plants
117 creatures vanquished.

Grand Total: 1403 creatures vanquished

Notes
Turn   | Place    | Note
-------+----------+-------------------------------------------
     0 | D:1      | frimble the Gnoll Wanderer began the quest for the Orb.
     0 | D:1      | frimble set off with the following items: a +0 spear, a
                  | wand of charming (15), a +0 buckler, a +0 robe
     0 | D:1      | Reached XP level 1. HP: 26/26 MP: 1/1
   402 | D:1      | Reached XP level 2. HP: 25/33 MP: 2/2
   599 | D:1      | Found a faded altar of an unknown god.
  1309 | D:2      | Reached XP level 3. HP: 29/38 MP: 3/3
  1751 | D:2      | Reached skill level 1 in Invocations
  1934 | D:2      | Noticed Terence
  2462 | D:3      | Found a glowing silver altar of Zin.
  2530 | D:3      | Reached skill level 1 in Short Blades
  2530 | D:3      | Reached skill level 1 in Axes
  2530 | D:3      | Reached skill level 1 in Maces & Flails
  2530 | D:3      | Reached skill level 1 in Polearms
  2530 | D:3      | Reached skill level 1 in Staves
  2530 | D:3      | Reached skill level 1 in Slings
  2530 | D:3      | Reached skill level 1 in Bows
  2530 | D:3      | Reached skill level 1 in Throwing
  2530 | D:3      | Reached skill level 1 in Dodging
  2530 | D:3      | Reached skill level 1 in Stealth
  2530 | D:3      | Reached skill level 1 in Unarmed Combat
  2530 | D:3      | Reached skill level 1 in Spellcasting
  2834 | D:3      | Reached XP level 4. HP: 45/45 MP: 5/5
  3218 | D:3      | Found a runed translucent door.
  3225 | D:3      | Noticed a bullfrog
  3227 | D:3      | Noticed HuGe's ghost (amateur HuBe)
  3314 | D:3      | Found Ybbobb's Magic Scroll Shoppe.
  3469 | D:3      | Reached skill level 1 in Conjurations
  3469 | D:3      | Reached skill level 1 in Hexes
  3469 | D:3      | Reached skill level 1 in Summonings
  3469 | D:3      | Reached skill level 1 in Necromancy
  3469 | D:3      | Reached skill level 1 in Translocations
  3469 | D:3      | Reached skill level 1 in Transmutations
  3469 | D:3      | Reached skill level 1 in Fire Magic
  3469 | D:3      | Reached skill level 1 in Ice Magic
  3469 | D:3      | Reached skill level 1 in Air Magic
  3469 | D:3      | Reached skill level 1 in Earth Magic
  3469 | D:3      | Reached skill level 1 in Poison Magic
  3774 | D:4      | Noticed an orc warrior
  3829 | D:4      | Noticed an ogre
  3854 | D:4      | Killed an ogre
  3855 | D:4      | Reached skill level 3 in Shields
  3855 | D:4      | Reached XP level 5. HP: 51/51 MP: 5/7
  3865 | D:4      | Found a shimmering blue altar of Sif Muna.
  3914 | D:4      | Reached XP level 6. HP: 57/57 MP: 8/8
  3960 | D:4      | Found a sand-covered staircase.
  3975 | Ossuary  | Entered an ossuary
  4292 | Ossuary  | Reached skill level 5 in Long Blades
  4319 | Ossuary  | Noticed Menkaure
  4347 | Ossuary  | Killed Menkaure
  4467 | Ossuary  | Reached XP level 7. HP: 61/63 MP: 10/10
  5044 | D:5      | Entered Level 5 of the Dungeon
  5067 | D:5      | Noticed Ijyb
  5086 | D:5      | Killed Ijyb
  5195 | D:5      | Identified the +5 ring mail of Minor Irritation {Regen+
                  | rCorr Int+3}
  5306 | D:5      | Reached XP level 8. HP: 71/71 MP: 12/12
  5313 | D:5      | Noticed a yak
  5347 | D:5      | Reached skill level 4 in Shields
  5512 | D:5      | Found the +2 cloak of the Thief {*Fog Slay-2 SInv Stlth+}
  5549 | D:5      | Found Vyc Nuliho's Gadget Gallery.
  5920 | D:5      | Reached XP level 9. HP: 76/76 MP: 14/14
  6159 | D:6      | Found a glowing drain.
  6169 | Sewer    | Entered a sewer
  6282 | Sewer    | Identified the +5 whip of Blood {holy, rElec rF+ Will+}
  6432 | D:6      | Reached skill level 5 in Crossbows
  6432 | D:6      | Reached skill level 5 in Armour
  6432 | D:6      | Reached skill level 5 in Shields
  6432 | D:6      | Reached skill level 5 in Evocations
  6763 | D:7      | Noticed Joseph
  6843 | D:7      | Killed Joseph
  6844 | D:7      | Reached skill level 5 in Invocations
  6897 | D:7      | Reached XP level 10. HP: 84/85 MP: 17/17
  7077 | D:7      | Reached skill level 5 in Short Blades
  7077 | D:7      | Reached skill level 5 in Axes
  7077 | D:7      | Reached skill level 5 in Maces & Flails
  7077 | D:7      | Reached skill level 5 in Polearms
  7077 | D:7      | Reached skill level 5 in Staves
  7077 | D:7      | Reached skill level 5 in Slings
  7077 | D:7      | Reached skill level 5 in Bows
  7077 | D:7      | Reached skill level 5 in Throwing
  7077 | D:7      | Reached skill level 5 in Dodging
  7077 | D:7      | Reached skill level 5 in Stealth
  7077 | D:7      | Reached skill level 5 in Unarmed Combat
  7077 | D:7      | Reached skill level 5 in Spellcasting
  7112 | D:7      | Found an ornate altar of the Wu Jian Council.
  7136 | D:7      | Identified the +8 trident "Ashruck" {drain, rElec rF+
                  | Int+5}
  7557 | D:8      | Found a flagged portal.
  7573 | D:8      | Reached skill level 10 in Fighting
  7580 | Bailey   | Entered a bailey
  7908 | Bailey   | Reached skill level 6 in Shields
  8707 | D:8      | Reached XP level 11. HP: 91/91 MP: 19/19
  8757 | D:8      | Found a glowing golden altar of the Shining One.
  8787 | D:8      | Noticed a death yak
  9057 | D:3      | Killed HuGe's ghost
  9244 | D:8      | Found a snail-covered altar of Cheibriados.
  9244 | D:8      | Found a sparkling altar of Nemelex Xobeh.
  9306 | D:8      | Became a worshipper of Cheibriados the Contemplative
  9528 | D:8      | Noticed a death yak
  9553 | D:8      | Killed a death yak
  9554 | D:8      | Reached skill level 7 in Shields
  9554 | D:8      | Reached skill level 5 in Conjurations
  9554 | D:8      | Reached skill level 5 in Hexes
  9554 | D:8      | Reached skill level 5 in Summonings
  9554 | D:8      | Reached skill level 5 in Necromancy
  9554 | D:8      | Reached skill level 5 in Translocations
  9554 | D:8      | Reached skill level 5 in Transmutations
  9554 | D:8      | Reached skill level 5 in Fire Magic
  9554 | D:8      | Reached skill level 5 in Ice Magic
  9554 | D:8      | Reached skill level 5 in Air Magic
  9554 | D:8      | Reached skill level 5 in Earth Magic
  9554 | D:8      | Reached skill level 5 in Poison Magic
  9699 | D:9      | Noticed a two-headed ogre
  9725 | D:9      | Killed a two-headed ogre
 10082 | D:9      | Noticed Erica
 10111 | D:9      | Killed Erica
 10217 | D:10     | Entered Level 10 of the Dungeon
 10227 | D:10     | Noticed a cyclops
 10252 | D:10     | Killed a cyclops
 10261 | D:10     | Noticed a two-headed ogre
 10266 | D:10     | Learned a level 2 spell: Blink
 10273 | D:10     | Killed a two-headed ogre
 10319 | D:10     | Found a hide-covered altar of Uskayaw.
 10349 | D:10     | Reached * piety under Cheibriados
 10423 | D:10     | Found a blossoming altar of Fedhas.
 10425 | D:10     | Noticed Fannar
 10472 | D:10     | Killed Fannar
 10473 | D:10     | Reached skill level 8 in Shields
 10861 | D:10     | Noticed a manticore
 10862 | D:10     | Noticed a green ugly thing
 10872 | D:10     | Noticed an orc knight
 10879 | D:10     | Reached XP level 12. HP: 65/99 MP: 22/22
 10937 | D:10     | Noticed a centaur warrior
 10975 | D:10     | Killed a centaur warrior
 11039 | D:10     | Was placed under penance by Cheibriados
 11287 | D:11     | Was forgiven by Cheibriados
 11385 | D:11     | Noticed Urug
 11390 | D:11     | Killed Urug
 11391 | D:11     | Reached skill level 9 in Shields
 11491 | D:11     | You fall into a shaft and drop 3 floors!
 11541 | D:13     | Noticed a centaur warrior
 11556 | D:13     | Killed a centaur warrior
 11562 | D:13     | Noticed a four-headed hydra
 11570 | D:13     | Killed a one-headed hydra
 11570 | D:13     | Reached ** piety under Cheibriados
 11667 | D:11     | Found a staircase to the Orcish Mines.
 11878 | D:3      | Bought a scroll of acquirement for 728 gold pieces
 11879 | D:3      | Acquired the ring of Linearity {rPois rC+ rN+ Int+4 SInv}
 12098 | D:8      | Noticed a death yak
 12117 | D:8      | Killed a death yak
 12136 | D:8      | Killed a death yak
 12238 | D:8      | Found a staircase to the Lair.
 12319 | Lair:1   | Entered Level 1 of the Lair of Beasts
 12423 | Lair:1   | Noticed Prince Ribbit
 12459 | Lair:1   | Killed Prince Ribbit
 12574 | Lair:1   | Acquired 1230 gold pieces
 12585 | Lair:1   | Reached XP level 13. HP: 106/106 MP: 24/24
 12590 | Lair:1   | Reached *** piety under Cheibriados
 12627 | Lair:1   | Reached skill level 10 in Shields
 12654 | Lair:1   | Noticed Gastronok
 13385 | Lair:1   | Killed Gastronok
 13605 | Lair:2   | Reached **** piety under Cheibriados
 13822 | Lair:2   | Found a staircase to the Snake Pit.
 13829 | Lair:2   | Reached ***** piety under Cheibriados
 13905 | Lair:2   | Found a staircase to the Swamp.
 14980 | Lair:4   | Reached skill level 11 in Shields
 15232 | Lair:4   | You fall into a shaft and drop 2 floors!
 15232 | Lair:6   | Entered Level 6 of the Lair of Beasts
 15232 | Lair:6   | Found a staircase to the Slime Pits.
 15312 | Lair:6   | Reached XP level 14. HP: 107/114 MP: 26/26
 15460 | Lair:6   | Reached skill level 10 in Long Blades
 15821 | Lair:6   | Reached skill level 10 in Invocations
 16337 | Lair:5   | Reached skill level 12 in Shields
 16655 | Lair:5   | Reached ****** piety under Cheibriados
 16824 | Lair:5   | Reached skill level 10 in Crossbows
 16824 | Lair:5   | Reached skill level 10 in Armour
 16824 | Lair:5   | Reached skill level 10 in Evocations
 16913 | Lair:5   | Acquired 792 gold pieces
 17237 | Lair:4   | Reached XP level 15. HP: 122/122 MP: 28/28
 17984 | D:11     | Noticed Psyche
 17993 | D:11     | Killed Psyche
 18096 | D:11     | Found a runed translucent door.
 18097 | D:11     | Found a runed translucent door.
 18098 | D:11     | Found a runed translucent door.
 18408 | D:11     | Noticed Harold
 18429 | D:11     | Killed Harold
 18483 | D:11     | Reached skill level 10 in Short Blades
 18483 | D:11     | Reached skill level 10 in Axes
 18483 | D:11     | Reached skill level 10 in Maces & Flails
 18483 | D:11     | Reached skill level 10 in Polearms
 18483 | D:11     | Reached skill level 10 in Staves
 18483 | D:11     | Reached skill level 10 in Slings
 18483 | D:11     | Reached skill level 10 in Bows
 18483 | D:11     | Reached skill level 10 in Throwing
 18483 | D:11     | Reached skill level 10 in Dodging
 18483 | D:11     | Reached skill level 10 in Stealth
 18483 | D:11     | Reached skill level 10 in Unarmed Combat
 18483 | D:11     | Reached skill level 10 in Spellcasting
 18516 | D:11     | Identified the ring "Mudghar" {rCorr Str+2 Int+6}
 18522 | D:11     | Got the Handbook of Calling
 19306 | D:13     | Found an opulent altar of Gozag.
 19474 | D:13     | Reached skill level 13 in Shields
 20043 | D:14     | Found a gate to the Vaults.
 20429 | D:15     | Entered Level 15 of the Dungeon
 20495 | D:15     | Noticed Louise
 20516 | D:15     | Killed Louise
 20695 | D:15     | Found a glowing golden altar of the Shining One.
 21053 | D:15     | Reached XP level 16. HP: 130/130 MP: 30/30
 21228 | D:15     | Found a staircase to the Depths.
 21511 | Orc:1    | Entered Level 1 of the Orcish Mines
 21574 | Orc:1    | Learned a level 8 spell: Ignition
 21930 | Orc:1    | Noticed Snorg
 21941 | Orc:1    | Killed Snorg
 22094 | Orc:1    | Reached skill level 14 in Shields
 22132 | Orc:1    | Found the +8 Wrath of Trog {antimagic, *Rage Rampage}
 22162 | Orc:1    | Found the ring of Shadows {Umbra +Inv Stlth+}
 22168 | Orc:1    | Got the Disquisition on Harmful Earth
 22169 | Orc:1    | Identified the amulet "Wukobo" {Spirit rElec}
 22331 | Orc:1    | Found a shimmering altar of Xom.
 22349 | Orc:1    | Found Miequneg's Book Emporium.
 22357 | Orc:1    | Bought the Catalogue of Heat and Stones for 672 gold pieces
 22737 | Orc:2    | Entered Level 2 of the Orcish Mines
 22815 | Orc:2    | Found a gate leading to a gauntlet.
 22824 | Gauntlet | Entered a Gauntlet
 22824 | Gauntlet | Found a transporter.
 22834 | Gauntlet | Found a transporter.
 22836 | Gauntlet | Found a transporter.
 22846 | Gauntlet | Found a transporter.
 22849 | Gauntlet | Found a transporter.
 22858 | Gauntlet | Found a transporter.
 22858 | Gauntlet | Found the +3 crown of Dyrovepreva {rElec Int+2 SInv}
 22874 | Gauntlet | Found a transporter.
 22885 | Gauntlet | Found a transporter.
 22895 | Gauntlet | Found a runed translucent door.
 22895 | Gauntlet | Found a transporter.
 22897 | Gauntlet | Found a runed translucent door.
 22909 | Gauntlet | Found a transporter.
 22923 | Gauntlet | Found a transporter.
 22924 | Gauntlet | Found a transporter.
 22966 | Gauntlet | Found a transporter.
 22980 | Gauntlet | Found a transporter.
 23177 | Gauntlet | Identified the +1 hat "Kuggut" {Str+2 Dex+5}
 23255 | Gauntlet | Identified the +1 spear of Deotuew {venom, Str+4 Int-5
                  | Dex+3}
 23270 | Gauntlet | Got Quugota's Grimoire of the Enchanting Snowflakes
 23270 | Gauntlet | Got Sif Muna's Guide on Sinister Arts and Air
 23411 | Orc:2    | Found a staircase to the Elven Halls.
 23503 | Orc:2    | Found Kylagueva's Distillery.
 23546 | Orc:2    | Found Zuri's Distillery.
 23610 | Orc:2    | Bought a potion of heal wounds for 65 gold pieces
 23610 | Orc:2    | Bought a potion of heal wounds for 65 gold pieces
 23610 | Orc:2    | Bought a potion of heal wounds for 65 gold pieces
 23612 | Orc:2    | Bought a potion of experience for 900 gold pieces
 23612 | Orc:2    | Reached XP level 17. HP: 137/137 MP: 32/32
 24117 | Orc:2    | Paralysed by an orc sorcerer for 3 turns
 24167 | Orc:2    | Found Qaijul's Jewellery Emporium.
 24167 | Orc:2    | Found Unafoec's Antique Armour Shoppe.
 24168 | Orc:2    | Found a one-way gate leading to the halls of Pandemonium.
 24243 | Orc:2    | Learned a level 5 spell: Irradiate
 24246 | Orc:2    | Learned a level 2 spell: Passwall
 24468 | Snake:1  | Entered Level 1 of the Snake Pit
 24651 | Snake:1  | Reached XP level 18. HP: 136/145 MP: 33/33
 24730 | Snake:1  | Found Qurghic's Jewellery Boutique.
 25128 | Snake:1  | Found Buthilur's Jewellery Shoppe.
 25132 | Snake:1  | Found Wyorauma's General Store.
 25140 | Snake:1  | Bought a potion of heal wounds for 65 gold pieces
 25140 | Snake:1  | Bought a potion of heal wounds for 65 gold pieces
 25236 | Snake:1  | Noticed Agnes
 25246 | Snake:1  | Killed Agnes
 25814 | Swamp:1  | Entered Level 1 of the Swamp
 25823 | Swamp:1  | Reached skill level 15 in Shields
 25867 | Swamp:1  | Identified the +2 kite shield "Pupnu" {+Blink rElec rF+}
 25867 | Swamp:1  | Noticed Donald
 25887 | Swamp:1  | Was placed under penance by Cheibriados
 25896 | Swamp:1  | Killed Donald
 26003 | Swamp:1  | Was forgiven by Cheibriados
 26182 | Swamp:1  | Reached skill level 10 in Conjurations
 26182 | Swamp:1  | Reached skill level 10 in Hexes
 26182 | Swamp:1  | Reached skill level 10 in Summonings
 26182 | Swamp:1  | Reached skill level 10 in Necromancy
 26182 | Swamp:1  | Reached skill level 10 in Translocations
 26182 | Swamp:1  | Reached skill level 10 in Transmutations
 26182 | Swamp:1  | Reached skill level 10 in Fire Magic
 26182 | Swamp:1  | Reached skill level 10 in Ice Magic
 26182 | Swamp:1  | Reached skill level 10 in Air Magic
 26182 | Swamp:1  | Reached skill level 10 in Earth Magic
 26182 | Swamp:1  | Reached skill level 10 in Poison Magic
 26815 | Swamp:2  | Learned a level 5 spell: Borgnjor's Vile Clutch
 28104 | Swamp:3  | Noticed a tentacled monstrosity
 28130 | Swamp:3  | Killed a tentacled monstrosity
 28131 | Swamp:3  | Reached XP level 19. HP: 122/152 MP: 31/35
 28222 | Swamp:4  | Entered Level 4 of the Swamp
 28294 | Swamp:3  | Identified the ring "Ugorusuo" {Fire rElec Str+3 SInv}
 28730 | Swamp:4  | Reached skill level 16 in Shields
 29032 | Swamp:4  | Found a blossoming altar of Fedhas.
 29301 | Swamp:4  | Got a decaying rune of Zot
 29321 | Swamp:4  | Found a basalt altar of Yredelemnul.
 29372 | Swamp:4  | Learned a level 9 spell: Shatter
 29612 | Snake:2  | Noticed Aizul
 29618 | Snake:2  | Noticed Azrael
 30018 | Elf:1    | Entered Level 1 of the Elven Halls
 30067 | Elf:1    | Found Caceosh's General Store.
 30068 | Elf:1    | Paralysed by a Zot trap for 3 turns
 30086 | Elf:1    | Bought a scroll of teleportation for 57 gold pieces
 30086 | Elf:1    | Bought a scroll of magic mapping for 66 gold pieces
 30086 | Elf:1    | Bought a scroll of enchant armour for 142 gold pieces
 30601 | Elf:1    | Found Bosa's General Store.
 30603 | Elf:1    | Found Joishepp's Book Shoppe.
 30603 | Elf:1    | Found Tih Xiaf's Assorted Antiques.
 30606 | Elf:1    | Found Koalomn's Antique Armour Emporium.
 30617 | Elf:1    | Bought a pair of transparent boots for 323 gold pieces
 30617 | Elf:1    | Identified the -5 pair of boots "Joats" {-Tele Regen+ Int+2
                  | Dex+2} (You bought it in a shop on level 1 of the Elven
                  | Halls)
 30622 | Elf:1    | Bought Great Wizards, Vol. VII for 600 gold pieces
 30622 | Elf:1    | Bought a book of Stone for 720 gold pieces
 30625 | Elf:1    | Bought a scroll of blinking for 112 gold pieces
 30625 | Elf:1    | Bought a potion of heal wounds for 75 gold pieces
 30628 | Elf:1    | Bought a transparent lapis lazuli ring for 140 gold pieces
 30628 | Elf:1    | Identified the ring "Kuon" {rElec rF- rN+ Will+ Str+6} (You
                  | bought it in a shop on level 1 of the Elven Halls)
 30738 | Elf:1    | Learned a level 6 spell: Statue Form
 30816 | Elf:1    | Paralysed by an air elemental for 1 turns
 30833 | Elf:1    | Found a runed translucent gate.
 30833 | Elf:1    | Found a runed translucent gate.
 30833 | Elf:1    | Found a runed translucent gate.
 30833 | Elf:1    | Found a runed translucent gate.
 30833 | Elf:1    | Found a runed translucent gate.
 30875 | Elf:1    | Found a runed translucent gate.
 30930 | Elf:2    | Reached XP level 20. HP: 103/161 MP: 30/36
 31093 | Elf:2    | Got Uvit's Almanac of the Escort
 31228 | Elf:2    | Found a runed translucent door.
 31270 | Elf:2    | Found a runed translucent door.
 31458 | Elf:2    | Reached skill level 15 in Fighting
 31481 | Elf:2    | Reached skill level 17 in Shields
 31498 | Elf:2    | Noticed a Tzitzimitl
 32501 | Elf:3    | Entered Level 3 of the Elven Halls
 32612 | Elf:3    | Found Syohecoh's Distillery.
 32617 | Elf:3    | Bought a potion of heal wounds for 90 gold pieces
 32617 | Elf:3    | Bought a potion of heal wounds for 90 gold pieces
 32617 | Elf:3    | Bought a potion of mutation for 144 gold pieces
 32617 | Elf:3    | Bought a potion of cancellation for 144 gold pieces
 32852 | Elf:3    | Reached XP level 21. HP: 112/168 MP: 14/38
 33329 | Elf:3    | Identified the ring of Modan {Will+ SInv}
 33512 | Elf:3    | Slain by a deep elf master archer

Illustrated notes

Levels and vault maps discovered:
D:1:      lemuel_arrival_hallway, layout_loops_ring,
          hellmonk_ecumenical_altar_leap_of_faith, minmay_domino_2
D:2:      layout_loops_ring, serial_glass, glass_columns_c, glass_columns_c,
          uniq_terence
D:3:      minmay_thinvault, layout_basic, lemuel_doored_altar, serial_shops,
          shop, ebering_ghost_sewer_d
D:4:      layout_cave_pools, nicolae_sif_muna_condensation,
          nicolae_ossuary_entry_ruins
D:5:      cheibrodos_fzero, layout_basic, nicolae_shop_gadgets, uniq_ijyb
D:6:      layout_cave_pools, gup_sewer_entry_pipe, hangedman_decor_points,
          feat_on_display
D:7:      layout_rooms, old_standard_altar, minmay_temple_entry_from_below_b,
          chequers_avenue, kennysheep_diamond, st_stairs_10, uniq_joseph
D:8:      layout_loops_corners, gammafunk_temple_overflow_wave,
          mainiacjoe_overflow_surrounded_room, dpeg_lair_monsters,
          enter_bailey_6
D:9:      layout_roguey, uniq_erica
D:10:     minmay_slanted_spiral_squares, layout_small_grid,
          mainiacjoe_overflow_cross_hatched, fedhas_altar_1, uniq_fannar
D:11:     minmay_the_grid_triangle_9x9_recursive_3
          [minmay_the_grid_triangle_9x9_corruption,
          minmay_the_grid_triangle_9x9_semitri,
          minmay_the_grid_triangle_9x9_flanged_cone,
          minmay_the_grid_triangle_9x9_prize_schism,
          minmay_the_grid_triangle_9x9_dagger,
          minmay_the_grid_triangle_9x9_sparse_checkered,
          minmay_the_grid_triangle_9x9_fully_insulated_deathbox,
          minmay_the_grid_triangle_9x9_steps,
          minmay_the_grid_triangle_9x9_zippers_vertical], layout_loops_cross,
          orc_0_dummy, uniq_harold, uniq_psyche, uniq_urug
D:12:     layout_gridville, patterned_corridor
D:13:     layout_long_grid, nicolae_gozag_cash_rules_everything_around_me
D:14:     layout_loops_ring, david_vaults_1
D:15:     grunt_enter_depths_snipers, layout_loops_ring,
          nicolae_tso_carved_into_rock, nicolae_wwwww, grunt_decor_junction,
          uniq_louise
Lair:1:   layout_cellular_growth, beast_lair_carwin_10, serial_bayou_shore_b,
          uniq_gastronok, uniq_prince_ribbit2
Lair:2:   layout_cave_shapes, nicolae_swamp_entry_splash_gauntlet,
          minmay_snake_entry_guardpost_medium, grunt_forest_large_clearings,
          lemuel_fruit_tree
Lair:3:   layout_chaotic_city, minivault_26, nicolae_lair_grove_arrangements,
          minmay_lair_oklob_chamber
Lair:4:   layout_gridlike
Lair:5:   layout_loops_ring
Lair:6:   evilmike_catoblepas_cave, layout_concentric_octagons, slime_dummy,
          grunt_megastairs_3
Swamp:1:  layout_basic_swamp, nicolae_swamp_oxbows, swamp_pool4,
          infiniplex_staircase_pool, uniq_donald
Swamp:2:  layout_basic_swamp, evilmike_swamp_ruin_house_5
Swamp:3:  cheibrodos_swamp_monstrosity, layout_falls_marsh,
          infiniplex_staircase_pool_2, swamp_pool5, nicolae_swamp_triple_paths
Swamp:4:  byrel_swamp_growth_death_and_undeath, layout_basic_swamp
Snake:1:  layout_chambers, serial_shops, shop, minmay_shop_star, uniq_agnes
Snake:2:  layout_grid_shapes, serial_bayou_lake_a, uniq_azrael, uniq_aizul
Orc:1:    giant_chief_lemuel, layout_diamond_mine, serial_shops, shop,
          basic_altar, abandoned_shop, mines_bat_river, uniq_snorg
Orc:2:    pf_orc_diabolical, layout_caves, gauntlet_entry_generic
Elf:1:    layout_rooms, serial_shops, shop_fountains, orc_legates, hex_tiny,
          hangedman_elven_pyramids, grunt_megastairs_5, minmay_shoptagon
Elf:2:    elven_hall_of_blades_hangedman_original
          [nicolae_blade_entry_splitting_headache], layout_gridlike,
          corexii_checkpoint_a
Elf:3:    grunt_elf_hall_asides, layout_geoelf_octagon, serial_shops, shop,
          library_closet, st_stairs_5, hex_intersection, elf_orc_summit_meeting

Skill      XL: |  1  2  3  4  5  6  7  8  9 10 11 12 13 14 15 16 17 18 19 20 |
---------------+-------------------------------------------------------------+-----
Invocations    | 1 2 3 4 5 6 7 8 9 10 11 12 13 14 | 14.7
Short Blades   | 1 2 3 4 5 6 7 8 9 10 11 12 13 | 13.6
Axes           | 1 2 3 4 5 6 7 8 9 10 11 12 13 | 13.6
Maces & Flails | 1 2 3 4 5 6 7 8 9 10 11 12 13 | 13.6
Polearms       | 1 2 3 4 5 6 7 8 9 10 11 12 13 | 13.6
Staves         | 1 2 3 4 5 6 7 8 9 10 11 12 13 | 13.6
Slings         | 1 2 3 4 5 6 7 8 9 10 11 12 13 | 13.6
Bows           | 1 2 3 4 5 6 7 8 9 10 11 12 13 | 13.6
Throwing       | 1 2 3 4 5 6 7 8 9 10 11 12 13 | 13.6
Dodging        | 1 2 3 4 5 6 7 8 9 10 11 12 13 | 13.6
Stealth        | 1 2 3 4 5 6 7 8 9 10 11 12 13 | 13.6
Unarmed Combat | 1 2 3 4 5 6 7 8 9 10 11 12 13 | 13.6
Spellcasting   | 1 2 3 4 5 6 7 8 9 10 11 12 13 | 13.6
Conjurations   | 1 2 3 4 5 6 7 8 9 10 11 | 11.7
Hexes          | 1 2 3 4 5 6 7 8 9 10 11 | 11.7
Summonings     | 1 2 3 4 5 6 7 8 9 10 11 | 11.7
Necromancy     | 1 2 3 4 5 6 7 8 9 10 11 | 11.7
Translocations | 1 2 3 4 5 6 7 8 9 10 11 | 11.7
Transmutations | 1 2 3 4 5 6 7 8 9 10 11 | 11.7
Fire Magic     | 1 2 3 4 5 6 7 8 9 10 11 | 11.7
Ice Magic      | 1 2 3 4 5 6 7 8 9 10 11 | 11.7
Air Magic      | 1 2 3 4 5 6 7 8 9 10 11 | 11.7
Earth Magic    | 1 2 3 4 5 6 7 8 9 10 11 | 11.7
Poison Magic   | 1 2 3 4 5 6 7 8 9 10 11 | 11.7
Crossbows      | 3 4 5 6 7 8 9 10 11 12 13 | 13.9
Armour         | 3 4 5 6 7 8 9 10 11 12 13 | 13.9
Shields        | 3 4 5 6 8 9 11 12 13 14 15 16 17 | 17.9
Evocations     | 3 4 5 6 7 8 9 10 11 12 13 | 13.9
Long Blades    | 5 6 7 8 9 10 11 12 13 14 | 14.2
Fighting       | 9 10 11 12 13 14 15 | 15.5

Action                   |  1- 3 |  4- 6 |  7- 9 | 10-12 | 13-15 | 16-18 | 19-21 || total
-------------------------+-------+-------+-------+-------+-------+-------+-------++-------
Melee: Spear             |   156 |    40 |       |       |       |       |       ||   196
       Bite              |    11 |    38 |    60 |   138 |   345 |   312 |   246 ||  1150
       Dagger            |       |   294 |   584 |   827 |    48 |    47 |       ||  1800
       Scimitar          |       |       |       |   132 |  1133 |  1174 |   904 ||  3343
       Whip              |       |       |       |    59 |       |       |       ||    59
Throw: Boomerang         |       |       |       |    53 |       |       |       ||    53
       Javelin           |       |       |       |    35 |    44 |    45 |    35 ||   159
 Cast: Blink             |       |       |       |     8 |     1 |     9 |     4 ||    22
       Borgnjor's Vile C |       |       |       |       |       |    12 |    64 ||    76
       Statue Form       |       |       |       |       |       |       |     1 ||     1
Invok: Slouch            |       |       |       |       |     5 |    12 |    23 ||    40
       Step From Time    |       |       |       |       |       |       |     1 ||     1
Evoke: Wand              |     1 |     1 |     4 |    23 |     2 |     6 |     8 ||    45
  Use: Scroll            |     5 |     5 |     3 |    15 |     5 |     7 |       ||    40
       Potion            |       |     1 |       |     3 |       |     5 |     1 ||    10
 Stab: Sleeping          |     6 |     2 |     5 |     8 |    31 |    18 |    12 ||    82
       Distracted        |       |     1 |     1 |       |     4 |     6 |     4 ||    16
       Petrifying        |       |       |       |       |     1 |     1 |       ||     2
       Invisible         |       |       |       |       |       |     3 |       ||     3
       Petrified         |       |       |       |       |       |     2 |       ||     2
       Paralysed         |       |       |       |       |       |       |     1 ||     1
Armor: Robe              |    23 |    34 |    18 |       |       |       |       ||    75
       Skin              |       |       |     8 |       |       |       |     7 ||    15
       Ring mail         |       |       |   120 |   271 |   435 |   245 |   221 ||  1292
Dodge: Dodged            |    67 |   151 |   352 |   732 |  1114 |   982 |   840 ||  4238
Block: Buckler           |    28 |    90 |   183 |   401 |   641 |   532 |       ||  1875
       Kite shield       |       |       |       |       |       |   434 |  1074 ||  1508
       Rpst.: Scimitar   |       |       |       |    46 |   301 |   210 |   119 ||   676

Table legend: (Time is in decaauts)
 A = Elapsed time spent in this place.
 B = Non-inter-level travel time spent in this place.
 C = Inter-level travel time spent in this place.
 D = Time resting spent in this place.
 E = Time spent auto-exploring this place.
 F = Levels seen in this place.
 G = Mean time per level.
                   A        B        C        D        E       F      G
               +--------+--------+--------+--------+--------+-----+--------+
         Total |  47399 |  43046 |   4353 |    460 |  30585 |  36 | 1316.6 |
       Dungeon |  18472 |  16185 |   2287 |    135 |  12082 |  15 | 1231.5 |
          Lair |   9067 |   8014 |   1053 |      0 |   6271 |   6 | 1511.2 |
         Swamp |   5657 |   5362 |    295 |    194 |   3566 |   4 | 1414.2 |
     Snake Pit |   2627 |   2410 |    217 |     98 |   1699 |   2 | 1313.5 |
  Orcish Mines |   4000 |   3708 |    292 |     12 |   2658 |   2 | 2000.0 |
   Elven Halls |   5201 |   4994 |    207 |      0 |   3406 |   3 | 1733.7 |
         Sewer |    150 |    150 |      0 |      0 |     67 |   1 |  150.0 |
       Ossuary |    579 |    579 |      0 |     21 |    190 |   1 |  579.0 |
        Bailey |    850 |    850 |      0 |      0 |    181 |   1 |  850.0 |
      Gauntlet |    792 |    792 |      0 |      0 |    461 |   1 |  792.0 |
               +--------+--------+--------+--------+--------+-----+--------+

Top non-repeatable levels by time:
 Snake:1: 2467 daAuts
    D:11: 2370 daAuts
   Elf:2: 2363 daAuts
   Orc:1: 2190 daAuts
   Orc:2: 1810 daAuts
  Lair:2: 1766 daAuts
  Lair:1: 1743 daAuts
  Lair:6: 1727 daAuts
     D:3: 1690 daAuts
    D:15: 1660 daAuts
     D:8: 1580 daAuts
 Swamp:1: 1546 daAuts
   Elf:1: 1502 daAuts
 Swamp:2: 1446 daAuts
 Swamp:4: 1375 daAuts
